TOP OF THE 1ST |
Walla Walla Walleye batting - Pitching for Bellevue Bruins : RHP Ismael Patino
|
Pitching: RHP Ismael Patino
|
|
Batting: RHB Rubén Marino
|
0-0: Foul Ball, location: 2F 0-1: Ground out 6-3 (Groundball, 6)
|
Batting: RHB Emílio Ortíz
|
0-0: Ball 1-0: Called Strike 1-1: Ball 2-1: Fly out, F9 (Line Drive, 9M)
|
Batting: RHB Alfredo Méndez
|
0-0: Foul Ball, location: 2F 0-1: Fly out, F8 (Flyball, 8LM)
|
Top of the 1st over - 0 run(s), 0 hit(s), 0 error(s), 0 left on base; Walla Walla 0 - Bellevue 0 |
BOTTOM OF THE 1ST |
Bellevue Bruins batting - Pitching for Walla Walla Walleye : RHP Taro Ohayashi
|
Pitching: RHP Taro Ohayashi
|
|
Batting: RHB Leo Shoemaker
|
0-0: Swinging Strike 0-1: Bunt for hit - play at first, batter OUT! 1-3
|
Batting: RHB Edgar González
|
0-0: Foul Ball, location: 2F 0-1: Called Strike 0-2: Ball 1-2: Strikes out swinging
|
Batting: RHB Brandon Cooper
|
0-0: Ball 1-0: Called Strike 1-1: Ground out 1-3 (Groundball, 23)
|
Bottom of the 1st over - 0 run(s), 0 hit(s), 0 error(s), 0 left on base; Walla Walla 0 - Bellevue 0 |
TOP OF THE 2ND |
Walla Walla Walleye batting - Pitching for Bellevue Bruins : RHP Ismael Patino
|
Batting: LHB Wilson Horton
|
0-0: Called Strike 0-1: Ball 1-1: Foul Ball, location: 2F 1-2: Ground out 1-3 (Groundball, 13S)
|
Batting: RHB Tony Farquharson
|
0-0: Ball 1-0: Called Strike 1-1: Swinging Strike 1-2: Fly out, F7 (Flyball, 7M)
|
Batting: RHB Danny Walsh
|
0-0: Ball 1-0: Foul Ball, location: 2F 1-1: Ball 2-1: Foul Ball, location: 2F 2-2: Ground out 4-3 (Groundball, 4)
|
Top of the 2nd over - 0 run(s), 0 hit(s), 0 error(s), 0 left on base; Walla Walla 0 - Bellevue 0 |
BOTTOM OF THE 2ND |
Bellevue Bruins batting - Pitching for Walla Walla Walleye : RHP Taro Ohayashi
|
Batting: RHB Aurelio García
|
0-0: Called Strike 0-1: SINGLE (Line Drive, 8LS)
|
Batting: RHB José Carlos Pérez
|
0-0: Ball 1-0: Ball Aurelio García is caught stealing 2nd base 2-0: Foul Ball, location: 2F 2-1: Fly out, F7 (Flyball, 78XD)
|
Batting: LHB Jim Unknown
|
0-0: SINGLE (Groundball, 34D)
|
Batting: LHB Jim Unknown
|
0-0: Ball 1-0: Called Strike 1-1: Fly out, F6 (Line Drive, 6)
|
Bottom of the 2nd over - 0 run(s), 2 hit(s), 0 error(s), 1 left on base; Walla Walla 0 - Bellevue 0 |
TOP OF THE 3RD |
Walla Walla Walleye batting - Pitching for Bellevue Bruins : RHP Ismael Patino
|
Batting: RHB Hieu De
|
0-0: Ball 1-0: Ball 2-0: TRIPLE (Flyball, 7M)
|
Batting: LHB Eugene Henson
|
0-0: Ball 1-0: DOUBLE (Line Drive, 7LM) Hieu De scores
|
Batting: RHB Sergio Cortéz
|
0-0: Ball 1-0: Swinging Strike 1-1: Swinging Strike 1-2: Ball 2-2: Strikes out swinging
|
Batting: RHB Rubén Marino
|
0-0: Swinging Strike 0-1: Swinging Strike 0-2: Strikes out swinging
|
Batting: RHB Emílio Ortíz
|
0-0: SINGLE (Line Drive, 34) Eugene Henson to third
|
Batting: RHB Alfredo Méndez
|
0-0: Ground out 1-3 (Groundball, 13)
|
Top of the 3rd over - 1 run(s), 3 hit(s), 0 error(s), 2 left on base; Walla Walla 1 - Bellevue 0 |
BOTTOM OF THE 3RD |
Bellevue Bruins batting - Pitching for Walla Walla Walleye : RHP Taro Ohayashi
|
Batting: RHB Jim Unknown
|
0-0: Swinging Strike 0-1: Foul Ball, location: 2F 0-2: Foul Ball, location: 2F 0-2: Strikes out swinging
|
Batting: RHB Jim Unknown
|
0-0: Called Strike 0-1: Fly out, F7 (Flyball, 7M)
|
Batting: RHB Leo Shoemaker
|
0-0: Swinging Strike 0-1: Swinging Strike 0-2: Ball 1-2: Ground out U3 (Groundball, 3)
|
Bottom of the 3rd over - 0 run(s), 0 hit(s), 0 error(s), 0 left on base; Walla Walla 1 - Bellevue 0 |
TOP OF THE 4TH |
Walla Walla Walleye batting - Pitching for Bellevue Bruins : RHP Ismael Patino
|
Batting: LHB Wilson Horton
|
0-0: Called Strike 0-1: Foul Ball, location: 2F 0-2: SINGLE (Line Drive, 8RS)
|
Batting: RHB Tony Farquharson
|
0-0: Swinging Strike 0-1: Ball 1-1: Fly out, F7 (Flyball, 7LM)
|
Batting: RHB Danny Walsh
|
0-0: Ball 1-0: Ball 2-0: Swinging Strike 2-1: Foul Ball, location: 2F 2-2: Ball 3-2: Base on Balls Wilson Horton to second
|
Batting: RHB Hieu De
|
0-0: Called Strike 0-1: Ball 1-1: Ball 2-1: Ball 3-1: Base on Balls Wilson Horton to third Danny Walsh to second
|
Batting: LHB Eugene Henson
|
0-0: Ball 1-0: Swinging Strike 1-1: Grounds into double play, 4-6-3 (Groundball, 4)
|
Top of the 4th over - 0 run(s), 1 hit(s), 0 error(s), 2 left on base; Walla Walla 1 - Bellevue 0 |
BOTTOM OF THE 4TH |
Bellevue Bruins batting - Pitching for Walla Walla Walleye : RHP Taro Ohayashi
|
Batting: RHB Edgar González
|
0-0: Bunt for hit - play at first, batter safe!
|
Batting: RHB Brandon Cooper
|
0-0: Ball 1-0: Ball 2-0: Ball 3-0: Base on Balls Edgar González to second
|
Batting: RHB Aurelio García
|
0-0: Ball 1-0: SINGLE (Groundball, 56D) Edgar González to third Brandon Cooper to second Runner from 3rd tries for Home, SAFE, no throw or cutoff
|
Batting: RHB José Carlos Pérez
|
0-0: Fly out, F7 (Flyball, 7M)
|
Batting: LHB Jim Unknown
|
0-0: Called Strike 0-1: Ball 1-1: Foul Ball, location: 2F 1-2: Ground out 5-3 (Groundball, 5S) Brandon Cooper to third Aurelio García to second
|
Batting: LHB Jim Unknown
|
0-0: Ball 1-0: Ball Passed Ball! Brandon Cooper scores Aurelio García to third 2-0: Ball 3-0: Base on Balls
|
Batting: RHB Jim Unknown
|
0-0: 3-RUN HOME RUN (Flyball, 78XD), Distance : 437 ft
|
Batting: RHB Jim Unknown
|
0-0: Called Strike 0-1: Ball 1-1: SINGLE (Groundball, 56D)
|
Batting: RHB Leo Shoemaker
|
0-0: Ball 1-0: Called Strike 1-1: Ball 2-1: Ball 3-1: Base on Balls Jim Unknown to second
|
Batting: RHB Edgar González
|
0-0: Ball 1-0: Ball 2-0: Foul Ball, location: 2F 2-1: Ball 3-1: Base on Balls Jim Unknown to third Leo Shoemaker to second
|
Batting: RHB Brandon Cooper
|
0-0: Called Strike 0-1: Foul Ball, location: 2F 0-2: Foul Ball, location: 2F 0-2: Fielders Choice at 2nd, 6-4 (Groundball, 6)
|
Bottom of the 4th over - 5 run(s), 4 hit(s), 0 error(s), 2 left on base; Walla Walla 1 - Bellevue 5 |
TOP OF THE 5TH |
Walla Walla Walleye batting - Pitching for Bellevue Bruins : RHP Ismael Patino
|
Batting: RHB Sergio Cortéz
|
0-0: Fly out, F7 (Line Drive, 78M)
|
Batting: RHB Rubén Marino
|
0-0: DOUBLE (Line Drive, 5D)
|
Batting: RHB Emílio Ortíz
|
0-0: Ball 1-0: Ball 2-0: Called Strike 2-1: SINGLE (Flyball, 4MD) Rubén Marino to third Runner from 3rd tries for Home, SAFE, no throw or cutoff
|
Batting: RHB Alfredo Méndez
|
0-0: Ball 1-0: Ball 2-0: Called Strike 2-1: Called Strike 2-2: Grounds into double play, 6-4-3 (Groundball, 6D)
|
Top of the 5th over - 1 run(s), 2 hit(s), 0 error(s), 0 left on base; Walla Walla 2 - Bellevue 5 |
BOTTOM OF THE 5TH |
Bellevue Bruins batting - Pitching for Walla Walla Walleye : RHP Taro Ohayashi
|
Batting: RHB Aurelio García
|
0-0: Ground out 6-3 (Groundball, 6M)
|
Batting: RHB José Carlos Pérez
|
0-0: SINGLE (Groundball, 6D)
|
Batting: LHB Jim Unknown
|
0-0: Ball 1-0: Called Strike 1-1: Called Strike 1-2: Fly out, F3 (Popup, 3SF)
|
Batting: LHB Jim Unknown
|
0-0: Called Strike 0-1: Ball 1-1: Ball 2-1: Foul Ball, location: 2F 2-2: Ball 3-2: 2-RUN HOME RUN (Flyball, 7D), Distance : 406 ft
|
Pitching: RHP Jim Unknown
|
|
Batting: RHB Jim Unknown
|
0-0: Foul Ball, location: 2F 0-1: Foul Ball, location: 2F 0-2: Foul Ball, location: 2F 0-2: Ball 1-2: Ground out 1-3 (Groundball, 15)
|
Bottom of the 5th over - 2 run(s), 2 hit(s), 0 error(s), 0 left on base; Walla Walla 2 - Bellevue 7 |
TOP OF THE 6TH |
Walla Walla Walleye batting - Pitching for Bellevue Bruins : RHP Ismael Patino
|
Batting: LHB Wilson Horton
|
0-0: Ball 1-0: SINGLE (Line Drive, 7LS)
|
Batting: RHB Tony Farquharson
|
0-0: Called Strike 0-1: Fielders Choice at 2nd, 5-4 (Groundball, 5L)
|
Batting: RHB Danny Walsh
|
0-0: Ball Single, Error in OF, E7, batter to second base Tony Farquharson to third
|
Batting: RHB Hieu De
|
0-0: Swinging Strike 0-1: Fly out, F9 (Flyball, 89S)
|
Batting: LHB Eugene Henson
|
0-0: Fly out, F9 (Line Drive, 9M)
|
Top of the 6th over - 0 run(s), 2 hit(s), 1 error(s), 2 left on base; Walla Walla 2 - Bellevue 7 |
BOTTOM OF THE 6TH |
Bellevue Bruins batting - Pitching for Walla Walla Walleye : RHP Jim Unknown
|
Batting: RHB Jim Unknown
|
0-0: Foul Ball, location: 2F 0-1: Called Strike 0-2: Ball 1-2: Ball 2-2: Fly out, F7 (Flyball, 8LM)
|
Batting: RHB Leo Shoemaker
|
0-0: Ground out U3 (Groundball, 3S)
|
Batting: RHB Edgar González
|
0-0: Fly out, F8 (Flyball, 8LM)
|
Bottom of the 6th over - 0 run(s), 0 hit(s), 0 error(s), 0 left on base; Walla Walla 2 - Bellevue 7 |
TOP OF THE 7TH |
Walla Walla Walleye batting - Pitching for Bellevue Bruins : RHP Ismael Patino
|
Batting: RHB Sergio Cortéz
|
0-0: Called Strike 0-1: Called Strike 0-2: Ball 1-2: Ball 2-2: Foul Ball, location: 2F 2-2: Ball 3-2: Foul Ball, location: 2F 3-2: Ground out 1-3 (Groundball, 15)
|
Batting: RHB Rubén Marino
|
0-0: Reached on error, E6 (Groundball, 6M)
|
Batting: RHB Emílio Ortíz
|
0-0: Ball 1-0: Fly out, F8 (Flyball, 8RM)
|
Batting: RHB Alfredo Méndez
|
0-0: Called Strike 0-1: Ground out 5-3 (Groundball, 56)
|
Top of the 7th over - 0 run(s), 0 hit(s), 1 error(s), 1 left on base; Walla Walla 2 - Bellevue 7 |
BOTTOM OF THE 7TH |
Bellevue Bruins batting - Pitching for Walla Walla Walleye : RHP Jim Unknown
|
Batting: RHB Brandon Cooper
|
0-0: Foul Ball, location: 2F 0-1: Ball 1-1: Ball 2-1: Foul Ball, location: 2F 2-2: DOUBLE (Flyball, 9M)
|
Batting: RHB Aurelio García
|
0-0: Swinging Strike 0-1: Ball 1-1: Foul Ball, location: 2F 1-2: Strikes out looking
|
Batting: RHB José Carlos Pérez
|
0-0: Ground out 5-3 (Groundball, 6)
|
Batting: LHB Jim Unknown
|
Reached via error on a dropped throw, E1 Brandon Cooper to third
|
Batting: LHB Jim Unknown
|
0-0: Ball Passed Ball! Brandon Cooper scores Jim Unknown to second 1-0: Ball 2-0: Swinging Strike 2-1: Foul Ball, location: 2F 2-2: Ball 3-2: Strikes out swinging
|
Bottom of the 7th over - 1 run(s), 1 hit(s), 1 error(s), 1 left on base; Walla Walla 2 - Bellevue 8 |
TOP OF THE 8TH |
Walla Walla Walleye batting - Pitching for Bellevue Bruins : RHP Ismael Patino
|
Batting: LHB Wilson Horton
|
0-0: Foul Ball, location: 2F 0-1: DOUBLE (Line Drive, 9LD)
|
Batting: RHB Tony Farquharson
|
0-0: Ball 1-0: Ball 2-0: Ball 3-0: Called Strike 3-1: Base on Balls
|
Batting: RHB Danny Walsh
|
0-0: Ball 1-0: Fly out, F7 (Flyball, 7LM)
|
Batting: RHB Hieu De
|
0-0: Fly out, F3 (Popup, 34)
|
Batting: LHB Eugene Henson
|
0-0: Ball 1-0: Ball 2-0: Called Strike 2-1: Fielders Choice at 2nd, 6-4 (Groundball, 6MS)
|
Top of the 8th over - 0 run(s), 1 hit(s), 0 error(s), 1 left on base; Walla Walla 2 - Bellevue 8 |
BOTTOM OF THE 8TH |
Bellevue Bruins batting - Pitching for Walla Walla Walleye : RHP Jim Unknown
|
Batting: RHB Jim Unknown
|
0-0: Foul Ball, location: 2F 0-1: Called Strike 0-2: Strikes out swinging
|
Batting: RHB Jim Unknown
|
0-0: Called Strike 0-1: Ball 1-1: Ball 2-1: SINGLE (Groundball, 6MD)
|
Batting: RHB Leo Shoemaker
|
0-0: Called Strike 0-1: Ball 1-1: TRIPLE (Line Drive, 9LS) Jim Unknown scores
|
Batting: RHB Edgar González
|
0-0: Ball 1-0: SINGLE (Line Drive, 6) Leo Shoemaker scores
|
Batting: RHB Brandon Cooper
|
0-0: Called Strike 0-1: Ball 1-1: Ball 2-1: Ball 3-1: Called Strike 3-2: Strikes out swinging Edgar González is caught stealing 2nd base Batter strikes out.
|
Bottom of the 8th over - 2 run(s), 3 hit(s), 0 error(s), 0 left on base; Walla Walla 2 - Bellevue 10 |
TOP OF THE 9TH |
Walla Walla Walleye batting - Pitching for Bellevue Bruins : RHP Ismael Patino
|
Batting: RHB Sergio Cortéz
|
0-0: Ball 1-0: Ball 2-0: SOLO HOME RUN (Flyball, 7D), Distance : 420 ft
|
Batting: RHB Rubén Marino
|
0-0: Ball 1-0: Swinging Strike 1-1: Foul Ball, location: 2F 1-2: Foul Ball, location: 2F 1-2: Ball 2-2: Ball 3-2: Strikes out swinging
|
Pitching: RHP Jim Unknown
|
|
Batting: RHB Emílio Ortíz
|
0-0: Called Strike 0-1: Ball 1-1: Ball 2-1: Ball 3-1: Base on Balls
|
Batting: RHB Alfredo Méndez
|
0-0: Ground out 5-3 (Groundball, 5S) Emílio Ortíz to second
|
Batting: LHB Wilson Horton
|
0-0: Called Strike 0-1: Ball 1-1: Foul Ball, location: 2F 1-2: DOUBLE (Flyball, 8LXD) Emílio Ortíz scores
|
Batting: RHB Tony Farquharson
|
0-0: Hit by Pitch
|
Batting: RHB Danny Walsh
|
0-0: Ball 1-0: Foul Ball, location: 2F 1-1: Ground out 6-3 (Groundball, 6)
|
Top of the 9th over - 2 run(s), 2 hit(s), 0 error(s), 2 left on base; Walla Walla 4 - Bellevue 10 |
|